← All builds
Pond / Cortex / Economy first / OBSERVED BUILD

Sharpshooter buy

Cortex Pond build order · Supreme Isthmus

Pond buys Sharpshooters from Tech from around 5:09, paying heavily in metal and energy, sending them to fight in the middle as an early skirmish push while keeping its own economy going.

#push #team support · 106 distinct matches · 39 players · 15% of Cortex Pond games · team won 46% of 107 · Recently observed

THE CATCH, AND WHAT COMES WITH IT
  • SharpshooterSniper bot from Tech arrives 5:09 · 12% of role by thenTech makes it and hands it over.

Paid for by sending allies about 710 metal and 17,000 energy by 5:00; standard pond sends 110 metal and 10,000 energy.

Where those units first fight, in 107 games with kill data: in the middle 87%, on their own side 13%.

Those units destroy a typical 2,511 metal of enemy units by 15:00.

Then transitions into grunt (17% of army), tick (11% of army), rascal (10% of army).

HOW TO PLAY IT

Key timing: Sharpshooter handed over by 5:07

  1. Open tidals, mex and heavy wind/converter eco instead of a lab.
  2. Send Tech metal and energy to pay for the sniper buy.
  3. Take Sharpshooter 'sniper bot' units handed over by Tech.
  4. Fly snipers to the middle to support and snipe for front.
  5. Add an Advanced Metal Extractor as the eco transition.

Phase by phase

TYPICAL OF ITS 106 GAMES · AGAINST STANDARD POND
  1. 1
  2. 2
PLAY THE OPENING

Follow the example game's first 6:09 step by step: what to build now, what comes next, and where it goes. At 1× it keeps pace with your own game.

  1. 1

    Up to 5:00

    Economy
    • Metal Extractor4Mex
    • Tidal Generator8Tidalfor allies
    • Wind Turbine8Wind
    • Tidal Generator2Tidal
    • Energy Storage1Energy storage

    Some games also: converter (37%)

    By 5:00 in all: 4 mex · 8 wind · 2 tidal · 1 energy storage

    The example game in this phase · 14 steps
    1. Tidal ×8for Suicide front
    2. Wind
    3. Mex ×2
    4. Wind
    5. Mex ×2
    6. Wind ×4
    7. Bot LabBot Labdone 3:23
    8. GraverobberGraverobber ×2
    9. Construction BotCon bot
    10. Construction BotCon botfor Air
    11. Energy storage
    12. Con turret
    13. Construction BotCon botfor Air
    14. Wind ×4
  2. 2

    5:00 to 10:00

    Economy
    • Wind Turbine6Wind−11 vs standard

    Some games also: wind (40%) · converter (39%) · Guard (36%) · con turret (36%)

    The standard build makes here, this one skips: 3 converter

    By 10:00 in all: 4 mex · 20 wind · 2 tidal · 2 converter (standard 6) · 1 energy storage

    The example game in this phase · 117 steps
    1. Wind
    2. GruntGrunt
    3. Wind ×2
    4. GruntGrunt
    5. Wind ×2
    6. GruntGrunt
    7. Wind ×2
    8. GruntGrunt
    9. Wind
    10. GruntGrunt
    11. Wind ×3
    12. GruntGrunt
    13. GuardGuard
    14. Wind
    15. GruntGrunt
    16. Wind ×2
    17. GruntGrunt
    18. Wind
    19. GuardGuard
    20. Wind
    21. GruntGrunt
    22. Wind
    23. GruntGrunt
    24. Wind ×3
    25. GruntGrunt
    26. Wind
    27. GruntGrunt
    28. Wind ×3
    29. GruntGrunt
    30. Wind ×2
    31. GruntGrunt
    32. Wind ×3
    33. GruntGrunt
    34. Wind ×3
    35. GuardGuard
    36. GruntGrunt
    37. Wind ×3
    38. Radar TowerRadar Tower
    39. Wind
    40. GruntGrunt
    41. Converter
    42. Wind ×2
    43. GruntGrunt
    44. Converter
    45. GruntGrunt
    46. Converter
    47. GruntGrunt
    48. Wind ×2
    49. Advanced Metal ExtractorT2 mexdone 9:50 · typical 10:06
    50. GraverobberGraverobber
    51. Converter
    52. Wind ×2
    53. Converter
    54. Wind
    55. GruntGrunt
    56. Wind
    57. Converter
    58. GruntGrunt
    59. Wind ×2
    60. GruntGrunt
    61. Wind
    62. GruntGrunt ×2
    63. Wind
    64. Advanced Metal ExtractorT2 mex
    65. AggravatorAggravator ×3
    66. Wind ×2
    67. AggravatorAggravator ×2
    68. GruntGrunt
    69. Wind
    70. GruntGrunt ×2
    71. Wind
    72. GruntGrunt
    73. Con turret
    74. GruntGrunt
    75. Wind
    76. AggravatorAggravator
    77. Wind
    78. AggravatorAggravator
    79. Wind
    80. AggravatorAggravator
    81. Wind ×2
    82. Con turret
    83. AggravatorAggravator
    84. Advanced Metal ExtractorT2 mex
    85. AggravatorAggravator
    86. Wind
    87. Con turret
    88. Wind
    89. GruntGrunt ×3
    90. Wind
    91. GruntGrunt ×2
    92. Wind
    93. AggravatorAggravator ×2
    94. Construction BotCon bot
    95. Wind
    96. AggravatorAggravator
    97. Advanced Metal ExtractorT2 mex
    98. Wind
    99. AggravatorAggravator
    100. Wind
    101. AggravatorAggravator
    102. Wind
    103. ThugThug
    104. Wind
    105. ThugThug
    106. Wind
    107. ThugThug
    108. Wind
    109. ThugThug
    110. Wind
    111. ThugThug
    112. AggravatorAggravator ×2
    113. Wind
    114. ThugThug ×3
    115. SAMSAM
    116. ThugThug ×2
    117. AggravatorAggravator ×2

Counts are medians over the build's games: half of them build more, half fewer. The example game is [Cookie]CottonBuds's (31 OS, 08/10/2026); pick another.

Team trades

IN AT LEAST 30% OF ITS GAMES

You hand over

  • Tidal Generator8 Tidal to Suicide front or Frontfirst at 0:16 · in 97% of games

You get

  • Construction Bot1 Con bot from Geofirst at 2:26 · in 39% of games
  • Hercules1 Light transport from Air or Techfirst at 5:08 · in 36% of games
  • Sharpshooter2 Sniper bot from Techfirst at 5:09 · in 100% of games
  • Advanced Construction Bot1 T2 con bot from Techfirst at 8:30 · in 97% of games

How it plays out

Typical game of this build against the role’s standard build, running totals by minute

  • This build
  • Standard pond

Metal produced

010k20k
0:005:0010:0015:00

metal

Enemy metal destroyed

02k4k6k
0:005:0010:0015:00

metal

Own metal lost

02k4k
0:005:0010:0015:00

metal

Metal sent to allies

01k2k
0:005:0010:0015:00

metal

Energy sent to allies

025k50k75k
0:005:0010:0015:00

metal

107 games.

Show as table
ByMetal produced: This buildMetal produced: Standard pondEnemy metal destroyed: This buildEnemy metal destroyed: Standard pondOwn metal lost: This buildOwn metal lost: Standard pondMetal sent to allies: This buildMetal sent to allies: Standard pondEnergy sent to allies: This buildEnergy sent to allies: Standard pond
1:001151150000001464995
2:0026725900000032012365
3:0079973700000059504436
4:00147214090000243089886554
5:002194213000007121131677710268
6:0029002949000010354032771311852
7:003702382937000012294453518314303
8:00449348741160541408612794534032817340
9:0053766257185522047018913284684533021198
10:00641476612560350102164013884684718022906
11:00782998593233766138683614224685486425778
12:00986312092361211961892107514944826055827224
13:001195914534399815782088166115304826775032595
14:001409816881457518142628199515545326907437744
15:001612019361510426323074296416775486926941136
WHAT THE NUMBERS SAY

Won more often than the standard build, trading lower metal production for notably higher enemy metal destroyed.

  • + Destroyed 3035 enemy metal by 10:00, well above standard's 1229.
  • + Hercules transports arrive by 4:55 in 46% of games vs 15% role norm.
  • − Metal produced fell behind at every checkpoint, 16992 vs 19066 by 15:00.
  • − Own metal lost climbed to 1354 by 10:00 vs 755 standard.
THE EXAMPLE YOU ARE READING

[Cookie]CottonBuds

30.7 OS · 08/10/2026

Open source match ↗

4 received units · includes a constructor
768 metal received · 7705 energy received

Allied construction assistance is unknown. Timings are observations, not a promise of solo reproducibility.

Typical milestones

Advanced Metal Extractor10:06Middle 50%: 9:14–10:56 · n=100

Played most by

Boozha18games of this build[Grump]Matsuri13games of this buildDouglasBacon7games of this buildpyrothraxus5games of this build[Crd]Mind_The_Gap4games of this build